 Dungeon Crawl Stone Soup version 0.28.0-53-g5a82cb258f (webtiles) character file.

Game seed: 15766672602823545412

1548 buhh the Transmogrifier (level 8, -7/60 HPs)
             Began as an Octopode Transmuter on June 20, 2022.
             Mangled by a water moccasin (9 damage)
             ... on level 5 of the Dungeon.
             The game lasted 00:08:46 (6138 turns).

buhh the Transmogrifier (Octopode Transmuter)       Turns: 6138, Time: 00:08:47

Health: -7/60      AC:  1    Str: 14    XL:     8   Next: 87%
Magic:  9/11       EV: 13    Int: 15    God:
Gold:   236        SH:  3    Dex: 16    Spells: 5/11 levels left

rFire   . . .      SeeInvis .     - Unarmed
rCold   . . .      Faith    .   b - +0 buckler
rNeg    . . .      Spirit   .   (helmet currently unavailable)
rPois   .          Reflect  .   d - amulet of regeneration
rElec   .          Harm     .   i - +6 ring of dexterity
rCorr   +          Rampage  .   u - ring of resist corrosion
Will    .....                   (no ring)
Stlth   +++.......              (no ring)
HPRegen 1.00/turn               (no ring)
MPRegen 0.12/turn               (no ring)
                                (no ring)
                                (no ring)

@: lethally poisoned (-7 -> -8), appendages
A: tentacle spike 3, almost no armour, amphibious, 8 rings, camouflage 1,
gelatinous body 1, (nimble swimmer 1), tentacles, clumsy 1, dopey 1, strong 2
a: End Transformation


You were on level 5 of the Dungeon.
One of your tentacles had grown a beastly spike.
You visited 1 branch of the dungeon, and saw 6 of its levels.

You collected 236 gold pieces.

Inventory:

Missiles
 m - 6 poisoned darts
Armour
 b - a +0 buckler (worn)
Magical Staves
 e - a staff of death
Jewellery
 d - an amulet of regeneration (around mantle)
 i - a +6 ring of dexterity (left tentacle)
 u - a ring of resist corrosion (right tentacle)
Wands
 p - a wand of mindburst (1)
Scrolls
 c - a scroll of teleportation {unknown}
 f - a scroll of immolation {unknown}
 g - a scroll of blinking {unknown}
 h - a scroll of enchant armour {unknown}
 j - a scroll of holy word {unknown}
 n - a scroll of enchant weapon {unknown}
 q - 4 scrolls of noise {unknown}
 r - a scroll of fog {unknown}
 t - 3 scrolls of identify {unknown}
Potions
 a - a potion of attraction {unknown}
 l - a potion of degeneration {unknown}
 o - a potion of flight {unknown}
 s - a potion of resistance {unknown}
 v - a potion of curing {unknown}
 w - a potion of lignification {unknown}
 U - a potion of mutation {!d}


   Skills:
 * Level 7.4 Fighting
 - Level 2.0 Dodging
 - Level 1.0 Stealth
 - Level 3.0 Unarmed Combat
 - Level 2.0 Spellcasting
 - Level 8.0 Transmutations
 - Level 1.0 Poison Magic


You had 5 spell levels left.
You knew the following spells:

 Your Spells              Type           Power      Damage    Failure   Level
a - Beastly Appendage     Tmut           50%        N/A       1%          1
b - Wereblood             Tmut           25%        N/A       1%          2
c - Spider Form           Tmut/Pois      15%        N/A       14%         3

Your spell library contained the following spells:

 Spells                   Type           Power      Damage    Failure   Level
 Ice Form                 Ice/Tmut       13%        N/A       50%         4


Dungeon Overview and Level Annotations

Branches:
Dungeon (6/15)
 Temple: D:4-7

Altars:
Okawaru
Uskayaw

Annotations:
D:5 exclusion: jelly, Blork the orc
D:6 exclusions: electric eel and 4 more exclusions


Innate Abilities, Weirdness & Mutations

One of your tentacles has grown a beastly spike.
You cannot wear most types of armour.
You are amphibious.
You can wear up to eight rings at the same time.
Your skin changes colour to match your surroundings (Stealth+).
Your rubbery body absorbs attacks. (AC +1, EV +1)
((You are camouflaged when in or above water. (Stealth+)))
You have tentacles for arms and can constrict up to eight enemies at once.
You are clumsy. (Dex -2)
You are dopey. (Int -2)
Your muscles are very strong. (Str +4)


Message History

You barely miss the water moccasin.
The water moccasin is moderately wounded.
You feel very sick. The water moccasin bites you!
* * * LOW HITPOINT WARNING * * *
The water moccasin misses you.
Really quaff
M - 2 potions of heal wounds {!q!d}?
You feel much better.
Your transformation has ended.
Your +0 buckler unmelds from your body.
You feel very sick. The water moccasin bites you!
* * * LOW HITPOINT WARNING * * *
Really quaff
M - a potion of heal wounds {!q!d}?
You feel much better.
You feel very sick. The water moccasin barely misses you.
The water moccasin bites you.
Casting: Beastly Appendage (safe; 1% risk of failure)
Press: ? - help, Q - select action, (/) - cycle Dir - look around, f - activate One of your tentacles grows a vicious spike.
You feel very sick. The water moccasin bites you.
* * * LOW HITPOINT WARNING * * *
You tentacle-slap the water moccasin. Your grab misses the water moccasin.
Your tentacle spike misses the water moccasin.
Your squeeze misses the water moccasin.
The water moccasin is moderately wounded.
You feel sick. The water moccasin bites you.
* * * LOW HITPOINT WARNING * * *
You barely miss the water moccasin. Your grab misses the water moccasin.
Your tentacle spike misses the water moccasin.
The water moccasin is moderately wounded.
You feel sick. The water moccasin bites you!
* * * LOW HITPOINT WARNING * * *
You block the water moccasin's attack.
It was a potion of mutation.
You feel extremely strange.
You feel stupid.
You feel clumsy.
You feel stronger. x2
U - a potion of mutation You feel sick.
The water moccasin bites you!
You die...

#.# #......# ##......#..
#.# #...#######.......#..
#.# #.........#.......#..
#.# #.........#.......#..
#.###....................
#........................
#####.........##......#.#
#....)............#..
#..S@................
#....#...#...........
####.#...#####.#.....
#..............#....#
#.............).....#
#................##.#
#................##.#
##......###......##.#
#..................#


You could see a water moccasin.

Vanquished Creatures
  Grinder (D:3)
  2 water moccasins (D:6)
  An orc warrior (D:6)
  A necrophage (D:6)
  An ogre (D:6)
  A centaur (D:5)
  5 wights (D:6)
  A howler monkey (D:6)
  An electric eel (D:6)
  A bullfrog zombie (D:5)
  An orc priest (D:6)
  4 hounds
  A bullfrog skeleton (D:5)
  2 iguanas
  2 orc wizards (D:6)
  6 adders
  6 gnolls (D:4)
  3 shadow imps
  A white imp (D:5)
  A dart slug (D:2)
  14 orcs
  3 endoplasms
  A giant cockroach (D:1)
  7 goblins
  5 hobgoblins
  4 kobolds
  2 quokkas
  3 ball pythons
  6 bats
  4 frilled lizards
  3 rats
94 creatures vanquished.

Vanquished Creatures (others)
  2 orcs (D:6)
  12 plants (D:6)
14 creatures vanquished.

Grand Total: 108 creatures vanquished

Notes
Turn   | Place    | Note
-------+----------+-------------------------------------------
     0 | D:1      | buhh the Octopode Transmuter began the quest for the Orb.
     0 | D:1      | Reached XP level 1. HP: 13/13 MP: 3/3
   329 | D:1      | Reached XP level 2. HP: 17/19 MP: 5/5
   844 | D:1      | Found a faded altar of an unknown god.
  1095 | D:2      | Reached XP level 3. HP: 25/25 MP: 4/6
  1359 | D:3      | Learned a level 2 spell: Wereblood
  1363 | D:3      | Learned a level 3 spell: Spider Form
  1911 | D:3      | Reached XP level 4. HP: 30/33 MP: 7/7
  2189 | D:3      | Noticed Grinder
  2196 | D:3      | Killed Grinder
  2197 | D:3      | Reached skill level 4 in Transmutations
  2197 | D:3      | Reached XP level 5. HP: 16/39 MP: 6/8
  2197 | D:3      | Reached XP level 6. HP: 19/45 MP: 6/9
  2845 | D:4      | Found a hide-covered altar of Uskayaw.
  3012 | D:4      | Found an iron altar of Okawaru.
  3335 | D:5      | Entered Level 5 of the Dungeon
  3552 | D:5      | Reached skill level 5 in Transmutations
  3552 | D:5      | Reached XP level 7. HP: 45/50 MP: 10/10
  3667 | D:5      | Noticed Blork the orc
  3673 | D:5      | Identified the +0 great sword of Syicva {pain, *Corrode
                  | rElec rPois SInv}
  4664 | D:6      | Reached skill level 6 in Transmutations
  4900 | D:6      | Reached skill level 7 in Transmutations
  5024 | D:6      | Reached XP level 8. HP: 55/55 MP: 11/11
  5079 | D:6      | Reached skill level 8 in Transmutations
  5084 | D:6      | HP: 2/55 [orc/+0 hand axe (7)]
  6137 | D:5      | HP: 2/60 [water moccasin (8)]
  6138 | D:5      | Gained mutation: You are dopey. (Int -2) [potion of
                  | mutation]
  6138 | D:5      | Gained mutation: You are clumsy. (Dex -2) [potion of
                  | mutation]
  6138 | D:5      | Gained mutation: Your muscles are strong. (Str +2) [potion
                  | of mutation]
  6138 | D:5      | Gained mutation: Your muscles are very strong. (Str +4)
                  | [potion of mutation]
  6138 | D:5      | Mangled by a water moccasin

Illustrated notes

Levels and vault maps discovered:
D:1:      erik_arrival_blinker_ship, layout_basic, basic_ecumenical_altar,
          interstate_on_off
D:2:      layout_basic, corexii_leaking_fountain
D:3:      layout_rooms, st_stairs_5, minmay_bisected, uniq_grinder
D:4:      layout_rooms, okawaru_altar_gauntlet_db,
          nicolae_uskayaw_murder_on_the_dancefloor
D:5:      layout_basic, kennysheep_generic_room_14, uniq_blork_the_orc
D:6:      layout_basic, serial_bayou, serial_bayou_crossing,
          serial_bayou_pond_b, serial_bayou_pond_b, serial_bayou_pond_c

Skill      XL: |  1  2  3  4  5  6  7  8 |
---------------+-------------------------+-----
Stealth        | 1 |  1.0
Fighting       | 2 4 5 7 |  7.4
Transmutations | 4 5 7 8 |  8.0
Poison Magic   | 1 |  1.0
Dodging        | |  2.0
Unarmed Combat | |  3.0
Spellcasting   | |  2.0

Action                   |  1- 3 |  4- 6 |  7- 9 || total
-------------------------+-------+-------+-------++-------
Melee: Unarmed           |    74 |    54 |   153 ||   281
       Constrict         |    19 |    15 |    20 ||    54
       Tentacles         |    13 |    12 |    24 ||    49
       Kick              |    11 |    20 |    33 ||    64
       Punch             |     1 |     2 |     1 ||     4
 Cast: Beastly Appendage |    14 |    17 |    19 ||    50
       Spider Form       |       |       |     6 ||     6
       Wereblood         |       |       |     1 ||     1
Evoke: Wand              |       |     9 |     4 ||    13
  Use: Potion            |       |       |     5 ||     5
 Stab: Sleeping          |     6 |     2 |     3 ||    11
Armor: Skin              |     8 |     4 |     8 ||    20
Dodge: Dodged            |    47 |    22 |   137 ||   206
Block: Buckler           |     8 |     6 |     8 ||    22
